 Dungeon Crawl Stone Soup version 0.28-a0-863-g8cecda6153 (webtiles) character file.

Game seed: 15121418588504024012

4108 meatgazer the Schismatic (level 10, -11/83 HPs)
             Began as a Demonspawn Abyssal Knight on Nov 17, 2021.
             Was an Elder of Lugonu.
             Engulfed by a cloud of flame (17 damage)
             ... on level 8 of the Dungeon.
             The game lasted 00:14:14 (9330 turns).

meatgazer the Schismatic (DsAK)                     Turns: 9330, Time: 00:14:16

Health: -11/83     AC: 13    Str: 18    XL:     10   Next: 6%
Magic:  16/18      EV: 10    Int: 13    God:    Lugonu [****..]
Gold:   365        SH:  0    Dex: 20    Spells: 9/9 levels left

rFire   . . .      SeeInvis +   s - +6 halberd (freeze)
rCold   . . .      Faith    .   (shield currently unavailable)
rNeg    . . .      Spirit   .   d - +1 scale mail
rPois   .          Reflect  .   b - +2 helmet {SInv}
rElec   .          Harm     .   o - +0 cloak
rCorr   .          Rampage  .   (no gloves)
Will    +....                   (no boots)
Stlth   +.........              (no amulet)
HPRegen 0.23/turn               c - ring "Vawnoelo" {Fly rF- Will+ Str+3 Dex+4}
MPRegen 0.16/turn               l - ring of fire

@: flying
A: hooves 2, yellow scales 1, foul stench 1, thin skeletal structure 1, cold
resistance 1, deterioration 1
a: Renounce Religion, Depart the Abyss, Bend Space, Banish, Corrupt


You were on level 8 of the Dungeon.
You worshipped Lugonu.
Lugonu was greatly pleased with you.
You visited 1 branch of the dungeon, and saw 8 of its levels.
You visited the Abyss 1 time.

You collected 365 gold pieces.

Inventory:

Hand Weapons
 s - a +6 halberd of freezing (weapon)
Armour
 b - a +2 helmet of see invisible (worn)
 d - a +1 scale mail (worn)
 o - a +0 cloak (worn)
Jewellery
 c - the ring "Vawnoelo" (left hand) {Fly rF- Will+ Str+3 Dex+4}
   (You found it on level 2 of the Abyss)

   [ring of flight]

   Str:       It affects your strength (+3).
   Dex:       It affects your dexterity (+4).
   rF:        It makes you vulnerable to fire.
   Fly:       It grants you flight.
   Will:      It increases your willpower.
 i - a ring of flight
 l - a ring of fire (right hand)
Wands
 j - a wand of charming (12)
 n - a wand of flame (17)
Scrolls
 e - a scroll of teleportation
 f - 2 scrolls of immolation
 m - a scroll of silence
 r - a scroll of fog
Potions
 q - 2 potions of brilliance


   Skills:
 + Level 9.1 Fighting
 + Level 7.8 Polearms
 - Level 1.7 Armour
 - Level 0.8 Dodging
 + Level 11.2 Invocations


You had 9 spell levels left.
You didn't know any spells.
Your spell library contained the following spells:

 Spells                   Type           Power      Damage    Failure   Level
 Slow                     Hex            0%         N/A       69%         1
 Sublimation of Blood     Necr           0%         N/A       83%         2
 Wereblood                Tmut           0%         N/A       83%         2
 Confusing Touch          Hex            0%         N/A       96%         3
 Portal Projectile        Hex/Tloc       0%         N/A       96%         3
 Hailstorm                Conj/Ice       0%         3d3       100%        4
 Ice Form                 Ice/Tmut       0%         N/A       100%        4
 Blade Hands              Tmut           0%         N/A       100%        5
 Excruciating Wounds      Necr           0%         N/A       100%        5
 Yara's Violent Unravell  Hex/Tmut       0%         3d3       100%        5
 Simulacrum               Ice/Necr       0%         N/A       100%        6
 Summon Hydra             Summ           0%         N/A       100%        7


Dungeon Overview and Level Annotations

Branches:
Dungeon (8/15)             Temple (0/1) D:5
   Lair: D:8-11

Altars:
Ashenzari
Fedhas
Trog
Xom

Shops:
D:2 [   D:4 :


Innate Abilities, Weirdness & Mutations

You have hoof-like feet.
You are partially covered in yellow scales. (AC +2)
You may rarely emit foul miasma when damaged in melee.
You have a somewhat thin skeletal structure. (Dex +2, Stealth+)
Your flesh is cold resistant. (rC+)
Your body sometimes deteriorates upon taking damage.


Message History

Aim: a komodo dragon (almost dead, inner flame, slow, 77% to hit)
The puff of flame hits the komodo dragon but does no damage.
The komodo dragon is almost dead.
That's the wrong kind of item! (Use * to select it.) Evoke which item? (* to show all) (? for menu, Esc to quit)
Aiming: Throw Flame
Press: ? - help, Shift-Dir - straight line, f/p - komodo dragon
Aim: a komodo dragon (almost dead, inner flame, slow, 77% to hit)
The puff of flame hits the komodo dragon but does no damage.
The komodo dragon is almost dead.
Aiming: Throw Flame
Press: ? - help, Shift-Dir - straight line, f/p - komodo dragon
Aim: a komodo dragon (almost dead, inner flame, slow, 77% to hit)
The puff of flame hits the komodo dragon!
Lugonu accepts your kill.
The komodo dragon explodes!
The fiery explosion engulfs the two-headed ogre!!
Flame seeps out of the two-headed ogre.
The two-headed ogre is heavily wounded.
You hear an angry hiss.
You hear a bellow! x2
The two-headed ogre is engulfed in blazing flames.
Flame seeps out of the two-headed ogre.
You have reached level 10!
Reach: s) +6 halberd (freeze)
Press: ? - help, Dir - move target, f - two-headed ogre
Aim: a two-headed ogre, wielding two +0 giant spiked clubs (flame, heavily wounded, inner flame, about 19% to evade your +6 halberd of freezing)
You reach to attack!
You barely miss the two-headed ogre.
The two-headed ogre is heavily wounded.
The two-headed ogre is engulfed in blazing flames.
Flame seeps out of the two-headed ogre.
The two-headed ogre is engulfed in blazing flames.
Flame seeps out of the two-headed ogre.
Space bends violently around you! Lugonu accepts your kill.
You blink.
The two-headed ogre explodes!
The fiery explosion engulfs you!!
* * * LOW HITPOINT WARNING * * *
You are engulfed in blazing flames.
You die...

###
...?.######
.......ยง).#
.########@#
#..# #.# #
#<.# #.#
#.##.# #g#
#....###g#
P....##O..gg#
PP..P.$g#####
PP.$....#
.PPP.g..#


You could see 4 gnolls.

Vanquished Creatures
  A two-headed ogre (D:8)
  An ugly thing (D:6)
  2 centaur zombies
  A komodo dragon (D:8)
  Sigmund (D:6)
  A wyvern (D:7)
  A steam dragon (D:6)
  A water moccasin (D:6)
  2 ice beasts
  2 orc warriors
  2 necrophages (D:6)
  4 centaurs
  2 ogres
  A kobold brigand (D:7)
  A scorpion (D:5)
  2 bullfrogs
  15 wights
  A bullfrog zombie (D:5)
  A jelly (D:7)
  4 hounds
  A gnoll shaman (D:7)
  A centaur skeleton (D:7)
  An iguana (D:7)
  4 orc wizards
  A mummy (D:4)
  2 hound skeletons (D:4)
  7 adders
  6 gnolls
  A white imp (D:7)
  An ufetubus (D:7)
  An adder zombie (D:5)
  2 worms
  A dart slug (D:5)
  13 orcs
  8 ball pythons
  6 bats
  8 endoplasms
  2 giant cockroaches
  5 goblins
  7 hobgoblins
  4 jackals (D:1)
  11 kobolds
  3 frilled lizards (D:2)
  3 kobold zombies (D:4)
  An orc zombie (D:4)
  5 rats
151 creatures vanquished.

Vanquished Creatures (others)
  32 fungi (D:8)
  13 plants (D:8)
45 creatures vanquished.

Grand Total: 196 creatures vanquished

Notes
Turn   | Place    | Note
-------+----------+-------------------------------------------
     0 | Abyss:1  | meatgazer the Demonspawn Abyssal Knight began the quest for
                  | the Orb.
     0 | Abyss:1  | Reached XP level 1. HP: 18/18 MP: 2/2
    18 | Abyss:2  | Identified the ring "Vawnoelo" {Fly rF- Will+ Str+3 Dex+4}
    38 | Abyss:2  | Noticed a lich
    40 | D:1      | Escaped the Abyss
   104 | D:1      | Found a faded altar of an unknown god.
   208 | D:1      | Gained mutation: You have large cloven feet. [demonic
                  | ancestry]
   208 | D:1      | Reached XP level 2. HP: 24/24 MP: 4/4
   256 | D:1      | Reached * piety under Lugonu
   326 | D:1      | Reached skill level 3 in Invocations
   813 | D:2      | Reached XP level 3. HP: 29/29 MP: 5/5
   909 | D:2      | Found a blossoming altar of Fedhas.
  1006 | D:2      | Found Liager's Armour Boutique.
  1554 | D:2      | Identified a scroll of acquirement
  1554 | D:2      | Acquired a +2 helmet of see invisible
  1621 | D:3      | Reached ** piety under Lugonu
  1773 | D:3      | Gained mutation: You may rarely emit foul miasma when
                  | damaged in melee. [demonic ancestry]
  1773 | D:3      | Reached XP level 4. HP: 33/37 MP: 6/6
  2020 | D:3      | Reached skill level 4 in Invocations
  2585 | D:4      | Gained mutation: You have hoof-like feet. [demonic
                  | ancestry]
  2585 | D:4      | Reached XP level 5. HP: 42/43 MP: 8/8
  2614 | D:4      | Found Qoutute's Book Emporium.
  2633 | D:4      | Noticed a centaur
  2653 | D:4      | Killed a centaur
  2654 | D:4      | Reached skill level 5 in Invocations
  2654 | D:4      | Reached XP level 6. HP: 8/49 MP: 9/9
  3627 | D:4      | Reached *** piety under Lugonu
  3652 | D:4      | Reached skill level 5 in Fighting
  3688 | D:5      | Entered Level 5 of the Dungeon
  3974 | D:5      | Noticed an ice beast
  3986 | D:5      | Killed an ice beast
  3987 | D:5      | Reached skill level 6 in Invocations
  3987 | D:5      | Reached XP level 7. HP: 23/56 MP: 11/11
  4411 | D:5      | Found a staircase to the Ecumenical Temple.
  4608 | D:5      | Found a broken altar of Ashenzari.
  5043 | D:6      | Reached skill level 7 in Invocations
  5091 | D:6      | Reached skill level 5 in Polearms
  5091 | D:6      | Gained mutation: You are partially covered in yellow
                  | scales. (AC +2) [demonic ancestry]
  5091 | D:6      | Reached XP level 8. HP: 64/64 MP: 13/13
  5459 | D:6      | Reached skill level 8 in Invocations
  5842 | D:6      | Gained mutation: Your flesh is cold resistant. (rC+)
                  | [potion of mutation]
  5842 | D:6      | Gained mutation: Your body sometimes deteriorates upon
                  | taking damage. [potion of mutation]
  5842 | D:6      | Gained mutation: You have a somewhat thin skeletal
                  | structure. (Dex +2, Stealth+) [potion of mutation]
  6219 | D:6      | Noticed Sigmund
  6231 | D:6      | Killed Sigmund
  6232 | D:6      | Reached skill level 9 in Invocations
  6261 | D:6      | Reached XP level 9. HP: 67/72 MP: 15/15
  7133 | D:7      | Found a shimmering altar of Xom.
  7133 | D:7      | Found a shimmering altar of Xom.
  7135 | D:7      | Found a shimmering altar of Xom.
  7187 | D:7      | Found a shimmering altar of Xom.
  7187 | D:7      | Found a shimmering altar of Xom.
  7455 | D:7      | Reached **** piety under Lugonu
  7835 | D:7      | Reached skill level 10 in Invocations
  8209 | D:7      | Found a bloodstained altar of Trog.
  8313 | D:7      | Noticed a green ugly thing
  8345 | D:6      | Killed a green ugly thing
  8504 | D:6      | HP: 3/71 [wight (5)]
  9149 | D:7      | Noticed an entropy weaver
  9150 | D:7      | Found a shimmering altar of Xom.
  9152 | D:7      | Found a shimmering altar of Xom.
  9156 | D:7      | Noticed a harpy
  9156 | D:7      | a yak changed into a harpy
  9179 | D:7      | Reached skill level 11 in Invocations
  9306 | D:8      | Noticed a komodo dragon
  9309 | D:8      | Noticed a two-headed ogre
  9327 | D:8      | Killed a komodo dragon
  9328 | D:8      | Reached XP level 10. HP: 41/83 MP: 16/18
  9330 | D:8      | Killed a two-headed ogre
  9330 | D:8      | Engulfed by a cloud of flame

Illustrated notes

Levels and vault maps discovered:
D:1:      lightli_arrival_boilingwater, layout_rooms,
          ebering_ecumenical_altar_webs
D:2:      cheibrodos_old_hovel, layout_loops_ring, serial_shops, shop,
          basic_altar
D:3:      layout_rooms
D:4:      layout_basic, serial_shops, shop_fountains, minmay_mini_ossuary
D:5:      layout_loops_ring, nicolae_ashenzari_panopticon,
          minmay_temple_entry_drinking_statues, chequers_serial_rivers_micro_c
D:6:      layout_basic, uniq_sigmund
D:7:      layout_cave_pools, trog_three_pillars_becter, xom_shifter_show,
          kennysheep_dice
D:8:      layout_basic, due_lair_maze_entry_diamond,
          gammafunk_ghost_berserking_beasts, minivault_14,
          nicolae_specific_store, hangedman_ranch

Skill      XL: |  1  2  3  4  5  6  7  8  9 |
---------------+----------------------------+-----
Polearms       | 2 3 4 5 6 7 |  7.8
Invocations    | 3 4 5 6 7 9 11 | 11.2
Fighting       | 4 5 6 7 9 |  9.1
Armour         | |  1.7
Dodging        | |  0.8

Action                   |  1- 3 |  4- 6 |  7- 9 | 10-12 || total
-------------------------+-------+-------+-------+-------++-------
Melee: Spear             |   112 |   171 |   179 |       ||   462
       Kick              |    18 |    50 |    83 |       ||   151
       Halberd           |       |       |    80 |     1 ||    81
Invok: Depart the Abyss  |     1 |       |       |       ||     1
       Bend Space        |       |       |     1 |     1 ||     2
Evoke: Wand              |       |       |     7 |       ||     7
  Use: Scroll            |     5 |     4 |    11 |       ||    20
       Potion            |     1 |     2 |     7 |       ||    10
 Stab: Invisible         |       |       |     2 |       ||     2
       Sleeping          |       |       |     2 |       ||     2
Armor: Leather armour    |     1 |       |       |       ||     1
       Scale mail        |    33 |    83 |    89 |       ||   205
Dodge: Dodged            |    39 |    62 |   117 |       ||   218

Table legend: (Time is in decaauts)
 A = Elapsed time spent in this place.
 B = Non-inter-level travel time spent in this place.
 C = Inter-level travel time spent in this place.
 D = Time resting spent in this place.
 E = Time spent auto-exploring this place.
 F = Levels seen in this place.
 G = Mean time per level.
                   A        B        C        D        E       F      G
               +--------+--------+--------+--------+--------+-----+--------+
         Total |   9304 |   9164 |    140 |   3099 |   4837 |  10 |  930.4 |
       Dungeon |   9264 |   9124 |    140 |   3099 |   4835 |   8 | 1158.0 |
         Abyss |     39 |     39 |      0 |      0 |      2 |   2 |   19.5 |
               +--------+--------+--------+--------+--------+-----+--------+

Top non-repeatable levels by time:
     D:6: 2915 daAuts
     D:7: 1412 daAuts
     D:4: 1411 daAuts
     D:5: 1270 daAuts
     D:2: 843 daAuts
     D:1: 692 daAuts
     D:3: 690 daAuts
     D:8: 28 daAuts
 Abyss:2: 28 daAuts
 Abyss:1: 11 daAuts
